← All builds
Suicide front / Cortex / Economy first / OBSERVED BUILD

Standard suicide front

Cortex Suicide front build order · Supreme Isthmus

The role's baseline economy-first play: fast Bot Lab, early Advanced Metal Extractor, and a Thug/Grunt/Aggravator mix pushed to hold the middle while teching up.

#raid #push · 1050 distinct matches · 184 players · 73% of Cortex Suicide front games · team won 57% of 1119 · Recently observed

HOW TO PLAY IT

Key timing: Bot Lab by 0:39

  1. Open 3 mex, then rush Bot Lab almost immediately.
  2. Finish Bot Lab and start pushing Thug, Grunt, Aggravator.
  3. Send units straight to middle to contest and stop leaks.
  4. Eat the Bot Lab for metal if 32% of games reach that point.
  5. Transition into Advanced Metal Extractor once middle is stable.

Phase by phase

TYPICAL OF ITS 1050 GAMES
  1. 1
  2. 2
  3. 3
PLAY THE OPENING

Follow the example game's first 6:00 step by step: what to build now, what comes next, and where it goes. At 1× it keeps pace with your own game.

  1. 1

    Up to the Bot Lab

    Economy
    • Metal Extractor2Mex
    Order
    1. Bot LabBot Lab after 2 mexdone ~0:37, middle half 0:27–0:45

    By 0:21 in all: 2 mex

    The example game in this phase · 3 steps
    1. Mex
    2. Wind
    3. Bot LabBot Labdone 0:33 · typical 0:37
  2. 2

    Bot Lab to 5:00

    Economy
    • Metal Extractor3Mex
    • Wind Turbine2Wind
    Builders
    • Graverobber4 Graverobber
    • Construction Bot3 Con bot
    Army
    • Guard3 Guard
    • Thug16 Thug
    • Grunt3 Grunt
    Other
    • Radar Tower1 Radar Tower

    Some games also: aggravator (38%) · con turret (30%)

    By 5:00 in all: 5 mex · 3 wind

    The example game in this phase · 38 steps
    1. Wind
    2. GruntGrunt
    3. GraverobberGraverobber
    4. Wind ×2
    5. GruntGrunt ×2
    6. GraverobberGraverobber
    7. GruntGrunt ×2
    8. Construction BotCon bot ×2
    9. AggravatorAggravator
    10. Mex
    11. Con turret
    12. AggravatorAggravator ×3
    13. Mex
    14. AggravatorAggravator
    15. Mex
    16. AggravatorAggravator ×3
    17. Wind
    18. GuardGuard
    19. Wind
    20. AggravatorAggravator
    21. Windfor Pond
    22. Radar TowerRadar Tower
    23. AggravatorAggravator ×2
    24. Twin GuardTwin Guard
    25. GraverobberGraverobber
    26. Windfor Pond
    27. Construction BotCon bot
    28. Twin GuardTwin Guard
    29. AggravatorAggravator
    30. Twin GuardTwin Guard
    31. AggravatorAggravator
    32. Windfor Pond
    33. AggravatorAggravator
    34. GraverobberGraverobber
    35. Construction BotCon bot
    36. Windfor Pond
    37. Energy storage
    38. AggravatorAggravator
  3. 3

    5:00 to 10:00

    Economy
    • Metal Extractor1Mex
    • Wind Turbine12Wind
    Builders
    • Construction Turret1 Con turret
    • Graverobber3 Graverobber
    • Construction Bot1 Con bot
    Army
    • Guard1 Guard
    • Thug11 Thug
    • Grunt1 Grunt

    Some games also: aggravator (42%) · Radar Tower (39%) · energy storage (37%) · Twin Guard (31%)

    By 10:00 in all: 6 mex · 16 wind · 2 con turret

    The example game in this phase · 68 steps
    1. Windfor Pond
    2. AggravatorAggravator
    3. Converter
    4. AggravatorAggravator
    5. Windfor Pond
    6. Converter
    7. GraverobberGraverobber
    8. Converter
    9. Construction BotCon bot
    10. Windfor Pond
    11. ThistleThistle
    12. Converter
    13. Dragon's TeethDragon's Teeth ×3for Pond
    14. AggravatorAggravator
    15. Windfor Pond
    16. Dragon's TeethDragon's Teeth ×2for Pond
    17. Converter
    18. AggravatorAggravator
    19. Dragon's TeethDragon's Teethfor Pond
    20. Windfor Pond
    21. Dragon's TeethDragon's Teeth ×2for Pond
    22. Converter
    23. AggravatorAggravator
    24. Dragon's TeethDragon's Teethfor Pond
    25. Windfor Pond
    26. Dragon's TeethDragon's Teeth ×2for Pond
    27. GraverobberGraverobber
    28. Converter
    29. Dragon's TeethDragon's Teethfor Pond
    30. Windfor Pond
    31. Dragon's TeethDragon's Teethfor Pond
    32. Construction BotCon bot
    33. Dragon's TeethDragon's Teeth ×2for Pond
    34. Windfor Pond
    35. Converter
    36. AggravatorAggravator
    37. Windfor Pond
    38. Converter
    39. AggravatorAggravator
    40. Windfor Pond
    41. WardenWarden
    42. Converter
    43. AggravatorAggravator
    44. Wind ×4for Pond
    45. GraverobberGraverobber
    46. Windfor Pond
    47. Construction BotCon bot
    48. GruntGrunt ×2
    49. WardenWarden
    50. Windfor Pond
    51. GruntGrunt ×3
    52. Windfor Pond
    53. GruntGrunt ×2
    54. Wind
    55. GruntGrunt
    56. Wind ×2
    57. Dragon's TeethDragon's Teeth ×7for Pond
    58. Dragon's TeethDragon's Teeth ×2
    59. GuardGuard
    60. Mex ×3
    61. Bot LabBot Labdone 11:27
    62. Mex
    63. GruntGrunt ×2
    64. Energy storage
    65. GruntGrunt ×2
    66. CastroCastro
    67. GruntGrunt ×3
    68. Bot LabEat Bot Labreclaimed for its metal

Counts are medians over the build's games: half of them build more, half fewer. The example game is eL_bArToad's (32 OS, 14/08/2026); pick another.

Team trades

IN AT LEAST 30% OF ITS GAMES

You hand over

Nothing regular.

You get

  • Tidal Generator4 Tidal from Pondfirst at 0:11 · in 69% of games
  • Advanced Construction Bot1 T2 con bot from Geo or Techfirst at 7:45 · in 55% of games

How it plays out

Typical game of this build, running totals by minute

Metal produced

010k20k
0:005:0010:0015:00

metal

Enemy metal destroyed

05k10k
0:005:0010:0015:00

metal

Own metal lost

05k10k
0:005:0010:0015:00

metal

1119 games.

Show as table
ByMetal produced: This buildEnemy metal destroyed: This buildOwn metal lost: This build
1:0033000
2:0094400
3:002036216172
4:003125732630
5:00427815401402
6:00546125052338
7:00663636153317
8:00782645594355
9:00894052905260
10:001020559976154
11:001156865526943
12:001314070167723
13:001475277528382
14:001638483308916
15:001778589619568
WHAT THE NUMBERS SAY

This baseline wins more often than most other roles' standard builds, with early aggression showing in high kills and losses alike.

  • + Team wins 54% of games, best winrate among the roles shown.
  • + First kill lands very early at 2:07 in all games.
  • − Own metal lost is heavy early, 1439 by 5:00.
  • − Enemy destroyed stays close to own losses through 15:00, a costly front.
THE EXAMPLE YOU ARE READING

eL_bArToad

32.4 OS · 14/08/2026

Open source match ↗

6 received units
193 metal received · 20250 energy received

Allied construction assistance is unknown. Timings are observations, not a promise of solo reproducibility.

Typical milestones

Bot Lab0:37Middle 50%: 0:27–0:45 · n=1113
Advanced Metal Extractor9:59Middle 50%: 8:59–11:14 · n=699

Played most by

XXMACGAMERXX135games of this build_Hawkey_70games of this build_X_61games of this buildrealisticjo52games of this buildAbyssFalcon46games of this build

Supporting games

Pick a game to read and play it above.

JustSomeGuy14/10/2026 · 43 OS↗_Hawkey_14/10/2026 · 65 OS↗Ling_long14/10/2026 · 41 OS↗XXMACGAMERXX14/10/2026 · 41 OS↗XXMACGAMERXX14/10/2026 · 42 OS↗_Hawkey_14/10/2026 · 65 OS↗XXMACGAMERXX14/10/2026 · 42 OS↗XXMACGAMERXX14/10/2026 · 42 OS↗eL_bArToad14/08/2026 · 32 OS↗
32 more of 1111, the most recent_Hawkey_14/10/2026 · 65 OS↗XXMACGAMERXX14/10/2026 · 42 OS↗Private_Gator13/10/2026 · 30 OS↗hox213/10/2026 · 32 OS↗hox213/10/2026 · 32 OS↗Thors_Hammer13/10/2026 · 31 OS↗AinzIsHere13/10/2026 · 39 OS↗AinzIsHere13/10/2026 · 39 OS↗_Hawkey_13/10/2026 · 65 OS↗I_pawngame_u13/10/2026 · 37 OS↗Lexosis13/10/2026 · 37 OS↗AinzIsHere13/10/2026 · 42 OS↗_Hawkey_13/10/2026 · 65 OS↗Rexalidus13/10/2026 · 35 OS↗Rexalidus13/10/2026 · 35 OS↗XXMACGAMERXX13/10/2026 · 40 OS↗XXMACGAMERXX13/10/2026 · 40 OS↗gmansawesome13/10/2026 · 33 OS↗[Cookie]CottonBuds13/10/2026 · 30 OS↗Fullchord13/10/2026 · 33 OS↗Vaticineur13/10/2026 · 32 OS↗DontStreamSnipeMeBro13/10/2026 · 30 OS↗FrontLiner69er12/10/2026 · 33 OS↗Sevendcell12/10/2026 · 30 OS↗ITz_SkySovereign12/10/2026 · 35 OS↗Sevendcell12/10/2026 · 30 OS↗Sevendcell12/10/2026 · 30 OS↗Hunfore12/10/2026 · 33 OS↗_Hawkey_12/10/2026 · 65 OS↗XXMACGAMERXX12/10/2026 · 40 OS↗XXMACGAMERXX12/10/2026 · 40 OS↗XXMACGAMERXX12/10/2026 · 40 OS↗
Supreme Isthmus v2.1
Beyond All Reason test-30922-8064a43
Naval balance tweaks on